 Dungeon Crawl Stone Soup version 0.31-a0-859-g9dce7d3444 (webtiles) character file.

Game seed: 6745175194082251593

105 javelincjr the Sneak (level 4, -2/27 HPs)
             Began as an Octopode Hedge Wizard on Oct 9, 2023.
             Was an Initiate of Ashenzari.
             Killed by divine providence
             ... invoked by an orc priest
              (11 damage)
             ... on level 3 of the Dungeon.
             The game lasted 00:10:39 (2412 turns).

javelincjr the Sneak (Octopode Hedge Wizard)        Turns: 2412, Time: 00:10:39

Health: -2/27      AC:  1    Str:  9    XL:     4   Next: 81%
Magic:  6/9        EV: 13    Int: 18    God:    Ashenzari [......]
Gold:   88         SH:  0    Dex: 11    Spells: 5/10 levels left

rFire   . . .        p - +1 flail (protect)
rCold   . . .        (no shield)
rNeg    . . .        b - +0 hat
rPois   +            (no amulet)
rElec   .            h - ring of poison resistance
rCorr   .            (no ring)
SInv    .            (no ring)
Will    .....        (no ring)
Stlth   +++          (no ring)
HPRegen 0.24/turn    (no ring)
MPRegen 0.11/turn    (no ring)
                     (no ring)

%: no passive effects
@: no status effects
A: almost no armour, amphibious, 8 rings, camouflage 1, gelatinous body 1,
(nimble swimmer 1), tentacles
a: Renounce Religion


You were on level 3 of the Dungeon.
You worshipped Ashenzari.
Ashenzari was noncommittal.
You visited 1 branch of the dungeon, and saw 3 of its levels.

You collected 88 gold pieces.

Inventory:

Hand Weapons
 a - a +0 dagger
 d - a +0 spear
 p - a +1 flail of protection (weapon)
Armour
 b - a +0 hat (worn)
Jewellery
 h - a ring of poison resistance (left tentacle)
Scrolls
 f - a scroll of enchant armour {unknown}
 g - a scroll of acquirement {unknown}
 l - 2 scrolls of identify {unknown}
 m - a scroll of enchant weapon {unknown}
 n - a scroll of immolation {unknown}
 q - a scroll of fear {unknown}
 r - a scroll of fog {unknown}
Potions
 c - a potion of magic
 e - a potion of resistance {unknown}
 i - a potion of invisibility {unknown}
 j - a potion of lignification {unknown}
 k - a potion of degeneration {unknown}
 o - a potion of enlightenment {unknown}
 s - a potion of heal wounds {unknown}


   Skills:
 + Level 2.4 Dodging
 + Level 3.6 Stealth
 * Level 3.5 Spellcasting
 * Level 2.4 Conjurations
 + Level 1.7 Summonings
 + Level 1.5 Translocations


You had 5 spell levels left.
You knew the following spells:

 Your Spells              Type           Power      Damage    Failure   Level
a - Magic Dart            Conj           44%        1d5       6%          1
b - Call Imp              Summ           18%        N/A       12%         2
c - Blink                 Tloc           16%        N/A       12%         2

Your spell library contained the following spells:

 Spells                   Type           Power      Damage    Failure   Level
 Slow                     Hex            12%        N/A       16%         1
 Cigotuvi's Dreadful Rot  Necr/Pois/Air  6%         N/A       24%         2
 Mephitic Cloud           Conj/Pois/Air  6%         N/A       32%         3


Dungeon Overview and Level Annotations

Branches:
Dungeon (3/15)

Altars:
Ashenzari


Innate Abilities, Weirdness & Mutations

You cannot wear most types of armour.
You are amphibious.
You can wear up to eight rings at the same time.
Your skin changes colour to match your surroundings (Stealth+).
Your rubbery body absorbs attacks. (AC +1, EV +1)
((You are camouflaged when in or above water. (Stealth+)))
You have tentacles for arms and can constrict up to eight enemies at once.


Message History

You closely miss the orc wizard. Your grab misses the orc wizard.
Your cerulean imp barely misses the orc wizard.
The orc wizard hits you with a +0 dagger.
The orc priest calls down the wrath of Beogh upon you.
Beogh smites you!
Your cerulean imp hits the orc wizard but does no damage.
The orc wizard points at you and mumbles some strange words.
You are confused.
The orc priest casts a cantrip, but nothing happens.
Okay, then.
Okay, then.
You bump into the rock wall.
Your cerulean imp hits the orc wizard from afar with a -4 spear.
The orc wizard closely misses you.
You bump into the rock wall.
Your cerulean imp barely misses the orc wizard.
The orc wizard closely misses you.
You bump into the rock wall.
Your cerulean imp misses the orc wizard.
The orc wizard hits you with a +0 dagger.
You bump into the rock wall.
Your cerulean imp hits the orc wizard from afar with a -4 spear.
The orc wizard hits you with a +0 dagger.
You bump into the rock wall.
Your cerulean imp closely misses the orc wizard.
The orc wizard misses you.
You bump into the rock wall.
Your cerulean imp barely misses the orc wizard.
The orc wizard closely misses you.
You're too confused to move!
You feel less confused.
Your cerulean imp hits the orc wizard from afar with a -4 spear.
The orc wizard hits you with a +0 dagger.
* * * LOW HITPOINT WARNING * * *
You swap places.
Your cerulean imp closely misses the orc wizard.
The orc wizard hits your cerulean imp with a +0 dagger.
The orc priest invokes the aid of Beogh against you.
Beogh smites you!
You die...

## ########### ..
#.......... #.
#.......... ..
##.#######..........
...+..........).†......
...##..##.#.###.####.#.
.......##.#.# #@#
.#......#.# #5# .
#....###.# #o# ...
#....# #.# .o.
....#..<.# #.#.#.##
........####.#.#.#
..........# ) #.#
........#.# .. #.#
........#.##. #..


You could see an orc priest, an orc wizard (ally target) and a friendly cerulean
imp (summoned).

Vanquished Creatures
  A worm (D:3)
  2 dart slugs
  2 orcs
  7 ball pythons
  2 endoplasms
  2 giant cockroaches
  3 goblins
  4 hobgoblins
  3 quokkas (D:1)
  7 bats
  11 frilled lizards
  7 rats
51 creatures vanquished.

Vanquished Creatures (collateral kills)
  An orc wizard (D:2)
  An adder (D:2)
  2 orcs (D:2)
  2 goblins (D:2)
  A rat (D:2)
7 creatures vanquished.

Grand Total: 58 creatures vanquished

Notes
Turn   | Place    | Note
-------+----------+-------------------------------------------
     0 | D:1      | javelincjr the Octopode Hedge Wizard began the quest for
                  | the Orb.
     0 | D:1      | Reached XP level 1. HP: 11/11 MP: 4/4
   163 | D:1      | Reached XP level 2. HP: 17/17 MP: 1/6
   728 | D:1      | Learned a level 2 spell: Call Imp
   731 | D:1      | Learned a level 2 spell: Blink
   739 | D:1      | Reached XP level 3. HP: 21/21 MP: 2/7
  1552 | D:2      | Reached XP level 4. HP: 14/27 MP: 3/9
  1727 | D:2      | Identified the +1 cloak of the Lute {rPois rN+}
  2046 | D:2      | Found a broken altar of Ashenzari.
  2218 | D:2      | Became a worshipper of Ashenzari the Shackled
  2412 | D:3      | Killed from afar by an orc priest

Illustrated notes

Levels and vault maps discovered:
D:1:      dpeg_arrival_erosion, layout_basic
D:2:      layout_basic, basic_altar, st_stairs_12,
          chequers_serial_rivers_micro_d, hangedman_decor_growths,
          kennysheep_generic_room_10
D:3:      layout_basic, grunt_ministairs_3

Skill      XL: |  1  2  3 |
---------------+----------+-----
Stealth        | 3 |  3.6
Conjurations   | 2 |  2.4
Dodging        | |  2.4
Spellcasting   | |  3.5
Summonings     | |  1.7
Translocations | |  1.5

Action                     |  1- 3 |  4- 6 || total
---------------------------+-------+-------++-------
  Melee: Dagger            |    32 |       ||    32
         Tentacles         |     7 |     3 ||    10
         Constrict         |     5 |     4 ||     9
         Flail             |       |    13 ||    13
   Cast: Magic Dart        |    62 |    18 ||    80
         Call Imp          |     7 |     4 ||    11
   Stab: Sleeping          |       |     2 ||     2
 Armour: Skin              |    19 |     9 ||    28
  Dodge: Dodged            |    26 |     9 ||    35

Table legend: (Time is in decaauts)
 A = Elapsed time spent in this place.
 B = Non-inter-level travel time spent in this place.
 C = Inter-level travel time spent in this place.
 D = Time resting spent in this place.
 E = Time spent auto-exploring this place.
 F = Levels seen in this place.
 G = Mean time per level.
                   A        B        C        D        E       F      G
               +--------+--------+--------+--------+--------+-----+--------+
         Total |   2415 |   2306 |    109 |      0 |   1856 |   3 |  805.0 |
       Dungeon |   2415 |   2306 |    109 |      0 |   1856 |   3 |  805.0 |
               +--------+--------+--------+--------+--------+-----+--------+

Top non-repeatable levels by time:
     D:1: 1184 daAuts
     D:2: 1054 daAuts
     D:3: 177 daAuts
